[Event "WYCC 2018 G18"]
[Site "Halkidiki"]
[Date "2018.10.26"]
[Round "7"]
[White "Sliwicka, Alicja"]
[Black "Stashis, Anna"]
[Result "1-0"]
[ECO "B01"]
[WhiteElo "2264"]
[BlackElo "1979"]
[Annotator "NA"]
[PlyCount "81"]
[EventDate "2018.10.20"]
[EventType "swiss"]
[EventCountry "GRE"]
[SourceTitle "playchess.com"]
[Source "ChessBase"]
[SourceQuality "1"]
[TimeControl "40/5400+30:1800+30"]

1. e4 d5 2. exd5 Qxd5 3. Nf3 Nf6 4. d4 Bg4 5. Be2 e6 6. O-O c6 7. c4 $16 {[%emt 0:01:58] LiveBook: 48 Games} Qd8 8. h3 Bh5 9. Nc3 Be7 10. Bf4 O-O 11. Qd2 Bd6 12. Rfd1 Qc7 13. Bg5 Nbd7 14. d5 exd5 15. cxd5 Bb4 16. d6 Qa5 17. Qc1 Bxc3 18. bxc3 Ne4 19. Bd2 Qc5 20. Be3 Qxc3 21. Qb1 Nec5 22. Rc1 Qa3 23. Bxc5 Nxc5 24. Qf5 Bxf3 25. Bxf3 Ne6 26. Rd1 Rad8 27. d7 Qe7 28. Qd3 Ng5 29. Bg4 Qe4 30. Qb3 b6 31. Rac1 Ne6 32. Bxe6 fxe6 33. Rd6 Kh8 34. Rcd1 Qf4 35. Qc2 c5 36. Rxe6 Qf7 37. Red6 Qe7 38. Qd2 Rf6 39. Re1 Qf7 40. Re8+ Rxe8 41. dxe8=Q+ 1-0

[Event "WYCC 2018 G18"]
[Site "Halkidiki"]
[Date "2018.10.26"]
[Round "7"]
[White "Kiolbasa, Oliwia"]
[Black "Redondo Benavente, Ana"]
[Result "1-0"]
[ECO "B47"]
[WhiteElo "2254"]
[BlackElo "2055"]
[Annotator "NA"]
[PlyCount "109"]
[EventDate "2018.10.20"]
[EventType "swiss"]
[EventCountry "GRE"]
[SourceTitle "playchess.com"]
[Source "ChessBase"]
[SourceQuality "1"]
[TimeControl "40/5400+30:1800+30"]

1. e4 c5 2. Nf3 e6 3. d4 cxd4 4. Nxd4 Nc6 5. Nc3 Qc7 6. Be2 Nf6 7. O-O Be7 8. Be3 O-O 9. Kh1 a6 10. f4 d6 11. a4 Rd8 12. Qe1 Nxd4 13. Bxd4 e5 14. fxe5 dxe5 15. Be3 b6 16. Qg3 Bb7 17. Bd3 Rd7 18. Rf5 g6 19. Raf1 Qd8 20. R5f3 h5 21. Bc4 Kg7 22. Qg5 Qh8 23. Rxf6 Bxf6 24. Qxf6+ Kh7 25. Qxh8+ Kxh8 26. Rxf7 Rxf7 27. Bxf7 Kg7 28. Bc4 b5 29. axb5 axb5 30. Bxb5 Ra1+ 31. Bg1 g5 32. h3 g4 33. hxg4 hxg4 34. g3 Ba6 35. Bxa6 Rxa6 36. Kg2 Rc6 37. Kf1 Kf7 38. Ke2 Ke6 39. Bf2 Rc8 40. Be1 Kd6 41. Nb5+ Kc5 42. Nc3 Rh8 43. Bf2+ Kc6 44. Nd5 Rh1 45. Ne3 Rb1 46. b3 Rc1 47. Kd2 Rh1 48. Nxg4 Kd6 49. Ne3 Rh2 50. Ke2 Ke6 51. c4 Rh8 52. b4 Kd6 53. Nd5 Rh2 54. b5 Rxf2+ 55. Kxf2 {[%emt 0:00:06] Kxd5} 1-0

[Event "WYCC 2018 G18"]
[Site "Halkidiki"]
[Date "2018.10.26"]
[Round "7"]
[White "Antolak, Julia"]
[Black "Manova, Ivana"]
[Result "1-0"]
[ECO "C89"]
[WhiteElo "2240"]
[BlackElo "1951"]
[Annotator "NA"]
[PlyCount "109"]
[EventDate "2018.10.20"]
[EventType "swiss"]
[EventCountry "GRE"]
[SourceTitle "playchess.com"]
[Source "ChessBase"]
[SourceQuality "1"]
[TimeControl "40/5400+30:1800+30"]

1. e4 e5 2. Nf3 Nc6 3. Bb5 a6 4. Ba4 Nf6 $11 {[%emt 0:00:21] LiveBook: 55528 Games} 5. O-O Be7 6. Re1 b5 7. Bb3 O-O 8. c3 d5 9. exd5 Nxd5 10. Nxe5 Nxe5 11. Rxe5 c6 12. d3 Bd6 13. Re1 Qh4 14. g3 Qh3 15. Re4 Nf6 16. Rh4 Qf5 17. Nd2 g5 18. Rh6 Ng4 19. Ne4 Be7 20. Rh5 Qg6 21. Rxg5 Bxg5 22. Bxg5 Bf5 23. Bf4 Rad8 24. Qf3 Nf6 25. Nxf6+ Qxf6 26. d4 Qg6 27. Re1 Rfe8 28. Be5 h6 29. h4 h5 30. Qf4 Kh7 31. Rc1 f6 32. Bf7 Qxf7 33. Qxf5+ Kg7 34. Qg5+ Kh7 35. Qxf6 Qxf6 36. Bxf6 Rd5 37. Be5 Kg6 38. Kg2 c5 39. f3 Kf5 40. Kh3 Rexe5 41. dxe5 Rd2 42. Re1 Ke6 43. g4 hxg4+ 44. fxg4 Rxb2 45. h5 Rd2 46. h6 Rd8 47. Kh4 b4 48. cxb4 cxb4 49. Kh5 a5 50. g5 Kf5 51. g6 Rd2 52. Rf1+ Kxe5 53. g7 Rxa2 54. g8=Q Rh2+ 55. Kg6 {[%emt 0:00:03] Kd5} 1-0

[Event "WYCC 2018 G18"]
[Site "Halkidiki"]
[Date "2018.10.26"]
[Round "7"]
[White "Dimitrova, Aleksandra"]
[Black "Arpita, Mukherjee"]
[Result "1/2-1/2"]
[ECO "B90"]
[WhiteElo "2228"]
[BlackElo "2147"]
[Annotator "NA"]
[PlyCount "77"]
[EventDate "2018.10.20"]
[EventType "swiss"]
[EventCountry "GRE"]
[SourceTitle "playchess.com"]
[Source "ChessBase"]
[SourceQuality "1"]
[TimeControl "40/5400+30:1800+30"]

1. e4 c5 2. Nf3 d6 3. d4 cxd4 4. Nxd4 Nf6 5. Nc3 a6 6. h4 e5 7. Nb3 Be6 8. f4 exf4 9. Bxf4 Nc6 10. Qd2 d5 11. O-O-O Bb4 12. Bg5 Nxe4 13. Qe3 Nxg5 14. Nxd5 Bd6 15. Nb6 Ne4 16. Qxe4 Qxb6 17. Rxd6 Qc7 18. Rd1 Qe7 $11 19. Re1 O-O 20. Bd3 g6 21. Kb1 Bxb3 22. Qxe7 Nxe7 23. axb3 Nc6 24. c3 Rad8 25. Kc2 Rc8 26. Kb1 Rcd8 27. Re3 Rfe8 28. Rhe1 Rxe3 29. Rxe3 Kg7 30. Kc2 Rc8 31. Kd2 Rd8 32. b4 f5 33. Kc2 Kf6 34. b5 axb5 35. Bxb5 Ne5 36. g3 h6 37. Re1 g5 38. hxg5+ hxg5 39. Rh1 1/2-1/2

[Event "WYCC 2018 G18"]
[Site "Halkidiki"]
[Date "2018.10.26"]
[Round "7"]
[White "Martynkova, Olena"]
[Black "Koehler, Inken"]
[Result "1-0"]
[ECO "B40"]
[WhiteElo "2188"]
[BlackElo "1934"]
[Annotator "NA"]
[PlyCount "71"]
[EventDate "2018.10.20"]
[EventType "swiss"]
[EventCountry "GRE"]
[SourceTitle "playchess.com"]
[Source "ChessBase"]
[SourceQuality "1"]
[TimeControl "40/5400+30:1800+30"]

1. e4 c5 2. Nf3 e6 3. d3 Nf6 4. g3 Nc6 5. Bg2 d5 6. Nbd2 dxe4 7. dxe4 e5 8. O-O Be7 9. c3 O-O 10. Qc2 Qc7 11. Nc4 Rd8 12. Ne3 Bf8 13. Nf5 g6 14. Bg5 Be7 15. Nxe7+ Qxe7 16. Nh4 Rd6 17. f4 h6 18. Bxh6 Ng4 19. Bg5 Qe8 20. f5 f6 21. Bd2 g5 22. Ng6 b6 23. Rfd1 Ba6 24. Bxg5 Rad8 25. Rxd6 Rxd6 26. Rd1 Qd7 27. Rxd6 Qxd6 28. Qd2 Qc7 29. h3 fxg5 30. Qxg5 Qg7 31. Qxg4 Kf7 32. Nh8+ Kg8 33. Ng6 Kf7 34. Qd1 Ke8 35. Qd6 Qd7 36. Qf8# 1-0

[Event "WYCC 2018 G18"]
[Site "Halkidiki"]
[Date "2018.10.26"]
[Round "7"]
[White "Radeva, Viktoria"]
[Black "Sargsyan, Anna M."]
[Result "0-1"]
[ECO "B10"]
[WhiteElo "2163"]
[BlackElo "2331"]
[Annotator "NA"]
[PlyCount "106"]
[EventDate "2018.10.20"]
[EventType "swiss"]
[EventCountry "GRE"]
[SourceTitle "playchess.com"]
[Source "ChessBase"]
[SourceQuality "1"]
[TimeControl "40/5400+30:1800+30"]

1. e4 c6 2. c4 d5 3. exd5 cxd5 4. cxd5 Nf6 5. Nc3 Nxd5 6. Bc4 Nxc3 7. Qf3 e6 8. dxc3 Qc7 9. Bd3 Nc6 10. Bf4 e5 11. Bg3 Bd6 12. Qe2 O-O 13. Nf3 h6 14. O-O Bg4 15. Rad1 f5 16. Qe3 Rad8 17. h3 Bh5 18. Bh2 e4 19. Bc4+ Kh7 20. Rxd6 Rxd6 21. Bxd6 Qxd6 22. Nd4 Nxd4 23. Qxd4 Qg6 24. Re1 Qg5 25. Qe3 Rd8 26. Qxg5 hxg5 27. Be2 Bf7 28. Bb5 a6 29. Ba4 Rd2 30. b4 Rxa2 31. Bd7 g6 32. Bc8 Bd5 33. Rd1 e3 34. fxe3 Bxg2 35. Bxb7 Bxh3 36. c4 g4 37. c5 g3 38. Rc1 g5 39. Bd5 Rd2 40. Bf3 f4 41. exf4 gxf4 42. c6 Rd4 43. c7 Bc8 44. Re1 Rc4 45. Re4 Rc1+ 46. Kg2 Rc2+ 47. Re2 Rxc7 48. Be4+ Kh6 49. Bd5 Bf5 50. Re5 Rc2+ 51. Kg1 Bg4 52. Be6 Bf3 53. Re1 Rh2 0-1

[Event "WYCC 2018 G18"]
[Site "Halkidiki"]
[Date "2018.10.26"]
[Round "7"]
[White "Gajcin, Marina"]
[Black "Obolentseva, Alexandra"]
[Result "0-1"]
[ECO "B96"]
[WhiteElo "2153"]
[BlackElo "2298"]
[Annotator "NA"]
[PlyCount "100"]
[EventDate "2018.10.20"]
[EventType "swiss"]
[EventCountry "GRE"]
[SourceTitle "playchess.com"]
[Source "ChessBase"]
[SourceQuality "1"]
[TimeControl "40/5400+30:1800+30"]

1. e4 c5 2. Nf3 d6 3. d4 cxd4 4. Nxd4 Nf6 5. Nc3 a6 6. Bg5 e6 7. f4 Nbd7 8. Qe2 h6 9. Bh4 Be7 10. O-O-O Qc7 11. g4 g5 12. fxg5 $16 {[%emt 0:03:58] LiveBook: 26 Games} hxg5 13. Bxg5 Ne5 14. h4 Nfxg4 15. Bh3 Bxg5+ 16. hxg5 Qe7 17. Bxg4 Rxh1 18. Rxh1 Qxg5+ 19. Kb1 Qxg4 20. Qh2 Qg7 21. Rg1 Qf6 22. Nf5 Kd7 23. Rd1 exf5 24. Nd5 Qe6 25. exf5 Qxf5 26. Nb6+ Kc6 27. Nxa8 Be6 28. Qd2 Nc4 29. Qg2+ Bd5 30. Qg8 Be4 31. Qe8+ Kc5 32. Rc1 Qf6 33. Qc8+ Bc6 34. c3 Qf2 35. Rc2 Qf1+ 36. Rc1 Nd2+ 37. Kc2 Qf2 38. b4+ Kc4 39. Qg4+ Be4+ 40. Kb2 Nb3+ 41. Ka3 Nxc1 42. Qxe4+ Kxc3 43. Qb1 Qc2 44. Qa1+ Kd2 45. Qb2 Qxb2+ 46. Kxb2 f5 47. Nb6 f4 48. Nc4+ Kd3 49. Nxd6 f3 50. Nf5 Ne2 0-1

[Event "WYCC 2018 G18"]
[Site "Halkidiki"]
[Date "2018.10.26"]
[Round "7"]
[White "Represa Perez, Mireya"]
[Black "Salimova, Asal"]
[Result "1/2-1/2"]
[ECO "C64"]
[WhiteElo "2151"]
[BlackElo "1870"]
[Annotator "NA"]
[PlyCount "68"]
[EventDate "2018.10.20"]
[EventType "swiss"]
[EventCountry "GRE"]
[SourceTitle "playchess.com"]
[Source "ChessBase"]
[SourceQuality "1"]
[TimeControl "40/5400+30:1800+30"]

1. e4 e5 2. Nf3 Nc6 3. Bb5 Bc5 4. O-O Qf6 5. d3 h6 6. Be3 Bb6 7. Nc3 Nge7 8. a4 a6 9. Bxb6 cxb6 10. Bc4 O-O 11. Nd2 d6 12. Ne2 Ng6 13. Ba2 Be6 14. Bxe6 fxe6 15. Nc4 Qd8 16. Ng3 Nf4 17. Ne3 Qg5 18. c3 h5 19. Kh1 h4 20. Ne2 Rae8 21. Nxf4 exf4 22. Nc4 f3 23. gxf3 Ne5 24. Rg1 Qf4 25. Nxe5 dxe5 26. Rg4 Qxf3+ 27. Qxf3 Rxf3 28. Rd1 Rxf2 29. Rg2 Ref8 30. d4 exd4 31. cxd4 h3 32. Rg3 Rf1+ 33. Rg1 R1f2 34. b3 Re2 1/2-1/2

[Event "WYCC 2018 G18"]
[Site "Halkidiki"]
[Date "2018.10.26"]
[Round "7"]
[White "Rozman, Monika"]
[Black "Di Benedetto, Desiree"]
[Result "0-1"]
[ECO "B32"]
[WhiteElo "2141"]
[BlackElo "2321"]
[Annotator "NA"]
[PlyCount "112"]
[EventDate "2018.10.20"]
[EventType "swiss"]
[EventCountry "GRE"]
[SourceTitle "playchess.com"]
[Source "ChessBase"]
[SourceQuality "1"]
[TimeControl "40/5400+30:1800+30"]

1. e4 c5 2. Nf3 Nc6 3. d4 cxd4 4. Nxd4 Qb6 $14 {[%emt 0:00:00] LiveBook: 2885 Games} 5. Nb3 Nf6 6. Bd3 d5 7. exd5 Nxd5 8. O-O e5 9. Bc4 Nf6 10. Be3 Qc7 11. Nc3 Be7 12. h3 O-O 13. Qe2 a6 14. a4 Nb4 15. a5 Bd7 16. Rfc1 Rac8 17. Nd2 Bc6 18. Bb3 Nfd5 19. Nxd5 Nxd5 20. Re1 Kh8 21. Bb6 Qd7 22. Nf3 f6 23. Rad1 Nf4 24. Qf1 Qf5 25. Re3 Nxh3+ 26. gxh3 Bxf3 27. Rxf3 Qxf3 28. Rd3 Qf5 29. Qg2 e4 30. Re3 Bc5 31. Rxe4 Bxb6 32. axb6 Rfe8 33. Bd5 Rxe4 34. Bxe4 Qd7 35. Bxb7 Rc5 36. h4 Rxc2 37. Bxa6 Rc1+ 38. Bf1 Rc6 39. b4 Qb7 40. Qe4 g6 41. Qe8+ Kg7 42. Bg2 Rc1+ 43. Kh2 Rc8 44. Qe3 Qb8+ 45. Qg3 Qxb6 46. Qd3 Rd8 47. Qe4 Qd6+ 48. Kg1 Rb8 49. Qe3 Rxb4 50. Qa7+ Kh6 51. Qe3+ Qf4 52. Qd3 Qc1+ 53. Bf1 Rg4+ 54. Kh2 Qf4+ 55. Kh1 Qxf2 56. Qxg6+ hxg6 0-1

[Event "WYCC 2018 G18"]
[Site "Halkidiki"]
[Date "2018.10.26"]
[Round "7"]
[White "Tejaswini, Sagar"]
[Black "Afonasieva, Anna"]
[Result "1-0"]
[ECO "B12"]
[WhiteElo "2139"]
[BlackElo "2245"]
[Annotator "NA"]
[PlyCount "129"]
[EventDate "2018.10.20"]
[EventType "swiss"]
[EventCountry "GRE"]
[SourceTitle "playchess.com"]
[Source "ChessBase"]
[SourceQuality "1"]
[TimeControl "40/5400+30:1800+30"]

1. e4 c6 2. d4 d5 3. f3 e6 4. Nc3 Bb4 5. Nge2 c5 6. a3 $16 Bxc3+ 7. Nxc3 dxe4 8. dxc5 Qxd1+ 9. Kxd1 exf3 10. gxf3 Nc6 11. Rg1 g6 12. Ne4 Kf8 13. b4 Kg7 14. Bb2+ e5 15. b5 Nd4 16. Bxd4 exd4 17. Nd6 Ne7 18. Bc4 Nf5 19. Nxf5+ Bxf5 20. Bd5 Rac8 21. c6 bxc6 22. Bxc6 Rhd8 23. a4 Rc7 24. Re1 Kf6 25. Ra3 g5 26. Kd2 h5 27. Rb3 g4 28. fxg4 hxg4 29. Be4 Re8 30. Bxf5 Rxe1 31. Kxe1 Kxf5 32. Kd2 Ke4 33. a5 f5 34. b6 axb6 35. axb6 Rb7 36. Rb4 Kf3 37. Kd3 Kg2 38. Kxd4 Kxh2 39. c4 f4 40. c5 g3 41. Ke4 Kh3 42. c6 g2 43. Rb3+ Kh4 44. cxb7 g1=Q 45. b8=Q Qg2+ 46. Kd4 Qd2+ 47. Rd3 Qb2+ 48. Rc3 Qd2+ 49. Kc4 Qa2+ 50. Kc5 Qf2+ 51. Kb4 Qb2+ 52. Rb3 Qd2+ 53. Rc3 Qb2+ 54. Kc4 Qa2+ 55. Kc5 Qf2+ 56. Kd6 Qd2+ 57. Ke6 Qxc3 58. Qxf4+ Kh3 59. Qf5+ Kg2 60. Qe4+ Kh3 61. b7 Qb3+ 62. Ke7 Qb5 63. Qf3+ Kh4 64. Qf4+ Kh3 65. b8=Q 1-0

[Event "WYCC 2018 G18"]
[Site "Halkidiki"]
[Date "2018.10.26"]
[Round "7"]
[White "Egyed, Judit"]
[Black "Cibikova, Sofia Anna"]
[Result "1-0"]
[ECO "B43"]
[WhiteElo "2089"]
[BlackElo "1809"]
[Annotator "NA"]
[PlyCount "55"]
[EventDate "2018.10.20"]
[EventType "swiss"]
[EventCountry "GRE"]
[SourceTitle "playchess.com"]
[Source "ChessBase"]
[SourceQuality "1"]
[TimeControl "40/5400+30:1800+30"]

1. e4 c5 2. Nf3 e6 3. d4 cxd4 4. Nxd4 a6 5. Nc3 b5 6. Bd3 Qb6 7. Be3 Bc5 8. Nce2 Nf6 9. c3 Ng4 10. b4 Nxe3 11. fxe3 Be7 12. Ng3 Nc6 13. O-O O-O 14. Qh5 g6 15. Qh6 Nxd4 16. Nh5 gxh5 17. e5 f5 18. exf6 Nf5 19. Bxf5 Rf7 20. Bxh7+ Rxh7 21. f7+ Rxf7 22. Rxf7 Kxf7 23. Rf1+ Kg8 24. Qg6+ Kh8 25. Qe8+ Kg7 26. Rf7+ Kh6 27. Qh8+ Kg5 28. Qg7+ 1-0

[Event "WYCC 2018 G18"]
[Site "Halkidiki"]
[Date "2018.10.26"]
[Round "7"]
[White "Janiashvili, Mariami"]
[Black "Vlkova, Anezka"]
[Result "1-0"]
[ECO "E73"]
[WhiteElo "2081"]
[BlackElo "1925"]
[Annotator "NA"]
[PlyCount "95"]
[EventDate "2018.10.20"]
[EventType "swiss"]
[EventCountry "GRE"]
[SourceTitle "playchess.com"]
[Source "ChessBase"]
[SourceQuality "1"]
[TimeControl "40/5400+30:1800+30"]

1. d4 Nf6 2. c4 g6 3. Nc3 Bg7 4. e4 d6 5. Be2 $14 {[%emt 0:00:00] LiveBook: 11467 Games} O-O 6. Bg5 c5 7. d5 e6 8. Qd2 exd5 9. cxd5 Qa5 10. f3 a6 11. g4 Nbd7 12. h4 h5 13. gxh5 Nxh5 14. Be7 Be5 15. Bxf8 Kxf8 16. Nh3 Qd8 17. f4 Qxh4+ 18. Nf2 Qxf4 19. Bxh5 Qxd2+ 20. Kxd2 gxh5 21. Rxh5 b5 22. Nd3 Bg7 23. Rf1 Nb6 24. b3 c4 25. Nf4 Ke8 26. Kc2 b4 27. Nce2 cxb3+ 28. Kxb3 a5 29. Rh7 Be5 30. Nd3 Nd7 31. Rfxf7 a4+ 32. Kc2 b3+ 33. axb3 a3 34. Nxe5 Nxe5 35. Ra7 Rxa7 36. Rxa7 Bg4 37. Nd4 Bh3 38. Nb5 Nf7 39. Rxa3 Bg2 40. Ra8+ Ke7 41. Ra7+ Kf6 42. Rxf7+ Kxf7 43. Nxd6+ Ke7 44. Nf5+ Kf6 45. Kd3 Ke5 46. Ng3 Bh3 47. Ke3 Bg4 48. Nf1 1-0

[Event "WYCC 2018 G18"]
[Site "Halkidiki"]
[Date "2018.10.26"]
[Round "7"]
[White "Limanovska, Elizabete"]
[Black "Kieu, Bich Thuy"]
[Result "1/2-1/2"]
[ECO "B09"]
[WhiteElo "2072"]
[BlackElo "1913"]
[Annotator "NA"]
[PlyCount "101"]
[EventDate "2018.10.20"]
[EventType "swiss"]
[EventCountry "GRE"]
[SourceTitle "playchess.com"]
[Source "ChessBase"]
[SourceQuality "1"]
[TimeControl "40/5400+30:1800+30"]

1. e4 g6 2. d4 Bg7 3. Nc3 d6 4. f4 Nf6 $14 {[%emt 0:00:07] LiveBook: 5440 Games} 5. Nf3 O-O 6. Bd3 Na6 7. O-O c5 8. d5 Bg4 9. h3 Bxf3 10. Rxf3 Nc7 11. a4 a6 12. Qe1 e6 13. dxe6 Nxe6 14. Be3 d5 15. exd5 Nxd5 16. Nxd5 Qxd5 17. Rd1 Rad8 18. c3 f5 19. Bc2 Qc6 20. Rf2 c4 21. g4 Rxd1 22. Qxd1 fxg4 23. Qxg4 Bh6 24. h4 Ng7 25. Bd4 Qe6 26. Qg2 Bxf4 27. Re2 Qd7 28. Be4 Re8 29. Bd5+ Kh8 30. Bxc4 b5 31. axb5 axb5 32. Bd3 Kg8 33. Be4 Rd8 34. Rf2 Qd6 35. Qf3 Ne6 36. h5 Nxd4 37. cxd4 Rf8 38. Bd5+ Kg7 39. Kf1 g5 40. Qe4 Rd8 41. Bc6 Qxd4 42. Qxd4+ Rxd4 43. Bxb5 Kh6 44. Be2 Rb4 45. Bf3 Be5 46. Re2 Bf6 47. Re6 Kg7 48. Kg2 Rxb2+ 49. Kg3 Rb4 50. Ra6 Be5+ 51. Kf2 1/2-1/2

[Event "WYCC 2018 G18"]
[Site "Halkidiki"]
[Date "2018.10.26"]
[Round "7"]
[White "Vanduyfhuys, Daria"]
[Black "Perminaite, Guoda"]
[Result "0-1"]
[ECO "D55"]
[WhiteElo "2058"]
[BlackElo "1840"]
[Annotator "NA"]
[PlyCount "110"]
[EventDate "2018.10.20"]
[EventType "swiss"]
[EventCountry "GRE"]
[SourceTitle "playchess.com"]
[Source "ChessBase"]
[SourceQuality "1"]
[TimeControl "40/5400+30:1800+30"]

1. d4 d5 2. c4 e6 3. Nf3 Nf6 4. Nc3 Be7 5. Bg5 O-O 6. e3 b6 7. Rc1 Bb7 8. Bxf6 Bxf6 9. cxd5 exd5 10. b4 c6 11. Be2 Qd6 12. Qb3 Be7 13. Rb1 Nd7 14. O-O Nf6 15. Rfd1 Rfd8 16. a4 Rab8 17. a5 bxa5 18. bxa5 Ba6 19. Qa2 Bxe2 20. Nxe2 c5 21. dxc5 Qxc5 22. Rbc1 Qd6 23. Nfd4 Rdc8 24. Nc3 Qa3 25. Qxa3 Bxa3 26. Rc2 Bb4 27. Nxd5 Nxd5 28. Nc6 Bf8 29. Rdc1 Rb7 30. e4 Nc7 31. f4 Re8 32. Ne5 Ne6 33. g3 g6 34. Rc8 Rxc8 35. Rxc8 Rc7 36. Ra8 Kg7 37. f5 gxf5 38. exf5 Bc5+ 39. Kg2 Nd4 40. g4 Nb3 41. g5 f6 42. Ng4 fxg5 43. Kf3 h5 44. Ne5 Kf6 45. Ke4 Bd6 46. Nf3 Nxa5 47. Kd5 Be7 48. Nd4 Rc5+ 49. Ke4 Re5+ 50. Kd3 Bc5 51. Ne6 Kxf5 52. Nxc5 Rxc5 53. Rxa7 Nc6 54. Ra4 Re5 55. Rc4 Ne7 0-1

[Event "WYCC 2018 G18"]
[Site "Halkidiki"]
[Date "2018.10.26"]
[Round "7"]
[White "Cvitan, Ena"]
[Black "Injac, Teodora"]
[Result "0-1"]
[ECO "A45"]
[WhiteElo "2034"]
[BlackElo "2258"]
[Annotator "NA"]
[PlyCount "92"]
[EventDate "2018.10.20"]
[EventType "swiss"]
[EventCountry "GRE"]
[SourceTitle "playchess.com"]
[Source "ChessBase"]
[SourceQuality "1"]
[TimeControl "40/5400+30:1800+30"]

1. d4 Nf6 2. Bf4 c5 3. e3 g6 4. c3 cxd4 5. exd4 Bg7 6. Nf3 O-O 7. Bd3 $11 {[%emt 0:01:09] LiveBook: 4 Games} d6 8. h3 Nc6 9. O-O Re8 10. Re1 e5 11. dxe5 dxe5 12. Bxe5 Nxe5 13. Nxe5 Nh5 14. Nf3 Rxe1+ 15. Nxe1 Nf4 16. Qf3 Nxd3 17. Nxd3 Bf5 18. Nf4 Qb6 19. Qe2 Qd6 20. Qd2 Qxd2 21. Nxd2 Bh6 22. g3 Re8 23. b3 Bxf4 24. gxf4 Bxh3 25. c4 Re2 26. Nf3 h6 27. Re1 Rxe1+ 28. Nxe1 Kf8 29. c5 Ke7 30. Nf3 Ke6 31. Ne5 Kd5 32. Nxf7 Kxc5 33. Nxh6 Be6 34. Kg2 Kb4 35. Kg3 Ka3 36. Kh4 Kxa2 37. b4 Kb3 38. Kg5 Kxb4 39. Kxg6 a5 40. f5 Bb3 41. f6 a4 42. f4 a3 43. f5 a2 44. f7 Bxf7+ 45. Kxf7 a1=Q 46. f6 b5 0-1

[Event "WYCC 2018 G18"]
[Site "Halkidiki"]
[Date "2018.10.26"]
[Round "7"]
[White "Hng, Mei-En Emmanuelle"]
[Black "Du, Yuxin"]
[Result "1-0"]
[ECO "B12"]
[WhiteElo "2020"]
[BlackElo "2011"]
[Annotator "NA"]
[PlyCount "67"]
[EventDate "2018.10.20"]
[EventType "swiss"]
[EventCountry "GRE"]
[SourceTitle "playchess.com"]
[Source "ChessBase"]
[SourceQuality "1"]
[TimeControl "40/5400+30:1800+30"]

1. e4 c6 2. d4 d5 3. e5 Bf5 4. h4 h5 5. c4 e6 6. Nc3 Nd7 7. Nf3 Ne7 8. Bg5 dxc4 9. Bxc4 Qb6 10. Qd2 Nd5 11. O-O f6 12. Be3 Kf7 13. Bd3 Bxd3 14. Qxd3 Be7 15. Rfe1 Rac8 16. Bd2 f5 17. Bg5 g6 18. Bxe7 Kxe7 19. Nxd5+ cxd5 20. Qa3+ Ke8 21. Rac1 Rc6 22. Rxc6 bxc6 23. Rc1 Rh7 24. Qd6 c5 25. dxc5 Qxb2 26. Qxe6+ Re7 27. Qxg6+ Kd8 28. Re1 Nxc5 29. Qd6+ Nd7 30. Qxd5 Ke8 31. e6 Nb6 32. Qxf5 Qxa2 33. Qxh5+ Kd8 34. Rd1+ 1-0

[Event "WYCC 2018 G18"]
[Site "Halkidiki"]
[Date "2018.10.26"]
[Round "7"]
[White "Li, Yilin"]
[Black "Tonso, Liina"]
[Result "1/2-1/2"]
[ECO "C01"]
[WhiteElo "1993"]
[BlackElo "1805"]
[Annotator "NA"]
[PlyCount "70"]
[EventDate "2018.10.20"]
[EventType "swiss"]
[EventCountry "GRE"]
[SourceTitle "playchess.com"]
[Source "ChessBase"]
[SourceQuality "1"]
[TimeControl "40/5400+30:1800+30"]

1. e4 e6 2. d4 d5 3. exd5 exd5 4. Bd3 Nf6 5. Bf4 Be7 6. Nf3 O-O 7. O-O c5 8. c3 Nc6 9. h3 Qb6 10. dxc5 Bxc5 11. b4 Be7 12. a3 h6 13. Re1 Re8 14. Ra2 Bd7 15. Rae2 Bf8 16. Nbd2 Rxe2 17. Rxe2 a5 18. Ne5 axb4 19. axb4 Be6 20. Nb3 Rd8 21. Be3 Qc7 22. Nxc6 Qxc6 23. Bd4 Nd7 24. Ra2 b6 25. Qa1 Be7 26. Ra7 Bf6 27. Bxf6 Nxf6 28. Nd4 Qd6 29. Qa6 Ne4 30. Nb5 Qf4 31. Qxb6 Qc1+ 32. Kh2 Qf4+ 33. Kg1 Qc1+ 34. Kh2 Qf4+ 35. Kg1 Qc1+ 1/2-1/2

[Event "WYCC 2018 G18"]
[Site "Halkidiki"]
[Date "2018.10.26"]
[Round "7"]
[White "Hamedi Nia, Vesal"]
[Black "Chitlange Sakshi"]
[Result "0-1"]
[ECO "E11"]
[WhiteElo "1987"]
[BlackElo "2237"]
[Annotator "NA"]
[PlyCount "122"]
[EventDate "2018.10.20"]
[EventType "swiss"]
[EventCountry "GRE"]
[SourceTitle "playchess.com"]
[Source "ChessBase"]
[SourceQuality "1"]
[TimeControl "40/5400+30:1800+30"]

1. d4 Nf6 2. c4 e6 3. Nf3 Bb4+ 4. Nbd2 b6 5. a3 Bxd2+ 6. Qxd2 Bb7 7. e3 O-O 8. Be2 Ne4 9. Qc2 f5 10. O-O d6 11. b4 Nd7 12. d5 e5 13. Nd2 Nxd2 14. Qxd2 Qh4 15. f4 Rae8 16. Bb2 Re7 17. Rf3 Ree8 18. Raf1 Bc8 19. Bd1 Qe7 20. Bc2 Ba6 21. Qc3 e4 22. Rg3 Nf6 23. Ba4 Rd8 24. Bb3 h6 25. Rc1 Kh7 26. Bd1 Bb7 27. Qb3 Rf7 28. Bd4 c6 29. dxc6 Bxc6 30. Qb2 Bd7 31. c5 bxc5 32. bxc5 Bc6 33. Bb3 d5 34. Qc2 Qd7 35. Be5 Qe8 36. Qc3 Ng4 37. Bd4 Rb8 38. Bd1 Nf6 39. Be5 Rbb7 40. Be2 Qe6 41. Ba6 Rbe7 42. Rb1 Re8 43. Bd4 Rd8 44. Rb4 Qd7 45. Qb2 Ne8 46. Be2 Nf6 47. Be5 Qe7 48. Bd4 g6 49. Bb5 Bxb5 50. Rxb5 Rc8 51. Ra5 Nh5 52. Rh3 Qc7 53. Rb5 Ng7 54. Qb3 Qc6 55. Rb8 Rd7 56. Rb5 Ne6 57. a4 Qc7 58. Qc3 a6 59. Rb6 Nxc5 60. Qb4 Nd3 61. Qd2 Qc1+ 0-1

[Event "WYCC 2018 G18"]
[Site "Halkidiki"]
[Date "2018.10.26"]
[Round "7"]
[White "Nass, Sara"]
[Black "Jie, Tianhui"]
[Result "1/2-1/2"]
[ECO "C70"]
[WhiteElo "1986"]
[BlackElo "1849"]
[Annotator "NA"]
[PlyCount "111"]
[EventDate "2018.10.20"]
[EventType "swiss"]
[EventCountry "GRE"]
[SourceTitle "playchess.com"]
[Source "ChessBase"]
[SourceQuality "1"]
[TimeControl "40/5400+30:1800+30"]

1. e4 e5 2. Nf3 Nc6 3. Bb5 a6 4. Ba4 b5 5. Bb3 Na5 6. d4 Nxb3 7. axb3 exd4 8. Qxd4 Bb7 9. O-O d6 10. Re1 Ne7 11. Bg5 f6 12. Bd2 Ng6 13. Ba5 Be7 14. Nc3 Qd7 15. Nd5 Bd8 16. Qc3 Rc8 17. Nd4 O-O 18. b4 Kh8 19. Qd2 Ne7 20. Nxe7 Bxe7 21. Rad1 Rce8 22. Qc3 Bd8 23. f3 Re5 24. Nf5 Qc6 25. Qxc6 Bxc6 26. Ne3 Bb7 27. Nd5 c6 28. Bxd8 Rxd8 29. Ne3 d5 30. exd5 cxd5 31. c3 Kg8 32. Nc2 Kf7 33. Kf2 g6 34. Nd4 h5 35. Nb3 Bc8 36. Nc5 g5 37. Nd3 Ree8 38. Rxe8 Rxe8 39. Nc5 Rd8 40. h3 h4 41. Ra1 Rd6 42. Ke3 Kg6 43. f4 d4+ 44. Kf3 dxc3 45. bxc3 gxf4 46. Kxf4 Rd2 47. Kf3 Rc2 48. Ra3 Kh5 49. g3 Bxh3 50. gxh4 Bc8 51. Kg3 f5 52. Nd3 Kh6 53. Nc5 Kh5 54. Nd3 Bb7 55. Nf4+ Kh6 56. Nd5 1/2-1/2

[Event "WYCC 2018 G18"]
[Site "Halkidiki"]
[Date "2018.10.26"]
[Round "7"]
[White "Caballero Quijano, Mitzy Mishell"]
[Black "Dong, Khanh Linh"]
[Result "0-1"]
[ECO "E04"]
[WhiteElo "1956"]
[BlackElo "1879"]
[Annotator "NA"]
[PlyCount "114"]
[EventDate "2018.10.20"]
[EventType "swiss"]
[EventCountry "GRE"]
[SourceTitle "playchess.com"]
[Source "ChessBase"]
[SourceQuality "1"]
[TimeControl "40/5400+30:1800+30"]

1. d4 d5 2. Nf3 Nf6 3. c4 e6 4. g3 dxc4 5. Bg2 Nc6 6. Qa4 Bd7 7. Qxc4 Bb4+ 8. Bd2 Qe7 9. O-O Rd8 10. a3 Bxd2 11. Nbxd2 O-O 12. Nb3 b6 13. Ne5 Nxe5 14. dxe5 Nd5 15. e4 b5 16. Qc5 Qxc5 17. Nxc5 Nb6 18. b3 Bc8 19. Rfd1 Nd7 20. Nxd7 Rxd7 21. Rxd7 Bxd7 22. Rd1 Rd8 23. Bf1 c6 24. b4 Kf8 25. f4 Ke7 26. Kf2 a5 27. Ke3 axb4 28. axb4 Ra8 29. Kd4 Ra2 30. h3 Kd8 31. g4 Kc7 32. f5 Rb2 33. Kc3 Rf2 34. Rb1 exf5 35. exf5 g6 36. fxg6 hxg6 37. Kd4 Kb6 38. Ke3 Rh2 39. Kf4 Be6 40. Kg5 Rh1 41. Rd1 c5 42. Rd6+ Kc7 43. Bxb5 cxb4 44. h4 b3 45. Bd3 b2 46. Rxe6 fxe6 47. Bxg6 b1=Q 48. Bxb1 Rxb1 49. Kf6 Rb4 50. g5 Rxh4 51. Kxe6 Kd8 52. g6 Ke8 53. Kf6 Kf8 54. g7+ Kg8 55. e6 Rh6+ 56. Ke7 Kxg7 57. Kd7 Kf6 0-1